 Dungeon Crawl Stone Soup version 0.31-a0-164-g2312942fda (webtiles) character file.

Game seed: 17782479118213941317

80 qw the Shooter (level 4, -4/40 HPs)
             Began as a Naga Hunter on June 13, 2023.
             Slain by a sky beast (6 damage)
             ... on level 3 of the Dungeon.
             The game lasted 00:00:34 (1260 turns).

qw the Shooter (Naga Hunter)                        Turns: 1260, Time: 00:00:35

Health: -4/40      AC:  2    Str: 13    XL:     4   Next: 39%
Magic:  4/4        EV:  9    Int: 10    God:
Gold:   93         SH:  0    Dex: 16    Spells: 3/3 levels left

rFire   . . .        Y - +0 shortbow
rCold   + . .        (shield currently unavailable)
rNeg    . . .        c - +0 leather armour
rPois   +            (no helmet)
rElec   .            (no cloak)
rCorr   .            (no gloves)
SInv    +            (no barding)
Will    .....        (no amulet)
Stlth   ++           i - ring of protection from cold
HPRegen 0.26/turn    (no ring)
MPRegen 0.09/turn

%: no passive effects
@: short of breath, very slow
A: AC +1, large, see invisible, deformed body, poison resistance, slowness 2,
spit poison 1, naga tail 1
a: Spit Poison


You were on level 3 of the Dungeon.
You visited 1 branch of the dungeon, and saw 3 of its levels.

You collected 119 gold pieces.
You spent 26 gold pieces at shops.


Innate Abilities, Weirdness & Mutations

Your serpentine skin is tough. (AC +1)
You have supernaturally acute eyesight. (SInv)
Armour fits poorly on your strangely shaped body.
Your system is resistant to poisons. (rPois)
You cover ground very slowly.
You can spit poison.
You have a snake-like lower body.


   Skills:
 + Level 2.6 Fighting
 - Level 5.0 Ranged Weapons
 - Level 1.5 Dodging
 - Level 1.5 Stealth


You had 3 spell levels left.
You didn't know any spells.
Your spell library was empty.

Inventory:

Hand Weapons
 Y - a +0 shortbow (weapon)
Armour
 c - a +0 leather armour (worn)
Jewellery
 i - a ring of protection from cold (left hand)
Scrolls
 a - 2 scrolls of identify
 b - a scroll of fog {unknown}
Potions
 e - a potion of brilliance {unknown}
 g - a potion of curing {unknown}

Dungeon Overview and Level Annotations

Branches:
Dungeon (3/15)

Altars:

Shops:
D:2 ?


Message History

Aiming: Spit Poison (1% risk of failure)
Press: ? - help, Shift-Dir - straight line, f/p - quokka The splash of poison misses the quokka.
You shoot an arrow. The arrow hits the quokka.
The quokka is lightly wounded.
You shoot an arrow. The arrow hits the quokka.
You kill the quokka!
There is a stone staircase leading down here.
You have got your breath back.
You see here a +2 whip of electrocution.
A sky beast comes into view.
You shoot an arrow.
The arrow hits the sky beast but does no damage.
1252 ||| INVOKING Spit Poison.
Aiming: Spit Poison (1% risk of failure)
Press: ? - help, Shift-Dir - straight line, f/p - sky beast The splash of poison hits the sky beast but does no damage.
You shoot an arrow. The arrow barely misses the sky beast.
You shoot an arrow. The arrow barely misses the sky beast.
You shoot an arrow. The arrow misses the sky beast.
The sky beast hits you. The sky beast shocks you.
You shoot an arrow. The arrow closely misses the sky beast.
The sky beast hits you. The sky beast shocks you.
You shoot an arrow. The arrow hits the sky beast.
The sky beast is lightly wounded.
You have got your breath back.
The sky beast flickers out of sight for a moment.
The sky beast hits you. The sky beast shocks you.
1258 ||| INVOKING Spit Poison.
Aiming: Spit Poison (1% risk of failure)
Press: ? - help, Shift-Dir - straight line, f/p - sky beast The splash of poison hits the sky beast but does no damage.
The sky beast is lightly wounded.
The sky beast hits you. The sky beast shocks you.
You shoot an arrow. The arrow misses the sky beast.
The sky beast hits you. The sky beast shocks you.
The sky beast barely misses you.
You shoot an arrow. The arrow misses the sky beast.
The sky beast hits you. The sky beast shocks you.
You die...

#########
#.......#
#.......#
#.......##...
###
#....@Y......
..#
##.%.....##...
# #.#
#........# ##
#)#
##.##...### .#
#.###..##...#
.#
#.#...###...#
.#####...###
#...#
........##
#####
......>.#


You could see a sky beast (invisible).

Vanquished Creatures
  An adder (D:2)
  A worm (D:2)
  A dart slug (D:3)
  2 orcs (D:3)
  5 ball pythons
  4 bats
  4 endoplasms
  3 giant cockroaches
  4 goblins
  9 hobgoblins
  8 jackals (D:1)
  A quokka (D:3)
  7 frilled lizards
  3 kobolds
  5 rats
58 creatures vanquished.

Notes
Turn   | Place    | Note
-------+----------+-------------------------------------------
     0 | D:1      | qw the Naga Hunter began the quest for the Orb.
     0 | D:1      | Reached XP level 1. HP: 19/19 MP: 1/1
     0 | D:1      | 0 ||| qw: Version: 0.2-a-29-gc1b59c4
     0 | D:1      | 0 ||| qw: Game counter: 4583
     0 | D:1      | 0 ||| qw: Always use a shield: true
     0 | D:1      | 0 ||| qw: God list: Okawaru
     0 | D:1      | 0 ||| qw: Allow faded altars: false
     0 | D:1      | 0 ||| qw: Do Orc after D:15 true
     0 | D:1      | 0 ||| qw: Do second Lair branch before Depths: true
     0 | D:1      | 0 ||| qw: Lair rune preference: random
     0 | D:1      | 0 ||| qw: Plans: Normal
     0 | D:1      | 0 ||| PLANNING D:1-11
    28 | D:1      | 28 ||| INVOKING Spit Poison.
    53 | D:1      | Reached skill level 4 in Ranged Weapons
    53 | D:1      | Reached XP level 2. HP: 26/26 MP: 2/2
    58 | D:1      | 58 ||| INVOKING Spit Poison.
    67 | D:1      | 67 ||| INVOKING Spit Poison.
    82 | D:1      | 82 ||| INVOKING Spit Poison.
    86 | D:1      | 86 ||| INVOKING Spit Poison.
    92 | D:1      | 92 ||| INVOKING Spit Poison.
   159 | D:1      | 159 ||| INVOKING Spit Poison.
   179 | D:1      | 179 ||| INVOKING Spit Poison.
   185 | D:1      | Reached XP level 3. HP: 32/32 MP: 3/3
   185 | D:1      | 185 ||| INVOKING Spit Poison.
   294 | D:1      | 294 ||| INVOKING Spit Poison.
   375 | D:1      | 375 ||| INVOKING Spit Poison.
   380 | D:1      | 380 ||| INVOKING Spit Poison.
   410 | D:1      | 410 ||| INVOKING Spit Poison.
   447 | D:1      | 447 ||| READING scroll labelled HEYXEY ESITHRU.
   472 | D:1      | 472 ||| READING 3 scrolls labelled YTEVASIEWK.
   473 | D:1      | 473 ||| DROPPING scroll of butterflies.
   488 | D:1      | 488 ||| DROPPING 2 scrolls of vulnerability.
   530 | D:2      | 530 ||| INVOKING Spit Poison.
   534 | D:2      | 534 ||| INVOKING Spit Poison.
   543 | D:2      | 543 ||| INVOKING Spit Poison.
   566 | D:2      | Found Jeudeid's Magic Scroll Emporium.
   570 | D:2      | 570 ||| SHOPLISTING scroll of brand weapon (123 gold, have
                  | 55).
   570 | D:2      | 570 ||| SHOPLISTING scroll of enchant weapon (97 gold, have
                  | 55).
   570 | D:2      | 570 ||| BUYING scroll of identify (26 gold).
   570 | D:2      | Bought a scroll of identify for 26 gold pieces
   577 | D:2      | 577 ||| INVOKING Spit Poison.
   598 | D:2      | 598 ||| INVOKING Spit Poison.
   642 | D:2      | 642 ||| INVOKING Spit Poison.
   647 | D:2      | Reached skill level 5 in Ranged Weapons
   647 | D:2      | Reached XP level 4. HP: 39/39 MP: 4/4
   655 | D:2      | Found a faded altar of an unknown god.
   656 | D:2      | 656 ||| INVOKING Spit Poison.
   729 | D:2      | 729 ||| INVOKING Spit Poison.
   822 | D:2      | 822 ||| INVOKING Spit Poison.
   865 | D:2      | 865 ||| INVOKING Spit Poison.
   870 | D:2      | 870 ||| INVOKING Spit Poison.
   874 | D:2      | 874 ||| INVOKING Spit Poison.
  1094 | D:2      | 1094 ||| UPGRADING to ring of protection from cold.
  1095 | D:2      | 1095 ||| READING scroll labelled TOUKOTY HEUG.
  1096 | D:2      | 1096 ||| READING scroll labelled GEBRANL BAGOX.
  1097 | D:2      | 1097 ||| DRINKING 2 bubbling inky potions.
  1098 | D:2      | 1098 ||| DRINKING 2 inky potions.
  1142 | D:2      | 1142 ||| DROPPING potion of attraction.
  1143 | D:2      | 1143 ||| DROPPING potion of lignification.
  1189 | D:3      | 1189 ||| INVOKING Spit Poison.
  1193 | D:3      | 1193 ||| INVOKING Spit Poison.
  1199 | D:3      | 1199 ||| INVOKING Spit Poison.
  1218 | D:3      | 1218 ||| INVOKING Spit Poison.
  1219 | D:3      | 1219 ||| INVOKING Spit Poison.
  1226 | D:3      | 1226 ||| INVOKING Spit Poison.
  1232 | D:3      | 1232 ||| INVOKING Spit Poison.
  1250 | D:3      | Noticed a sky beast
  1252 | D:3      | 1252 ||| INVOKING Spit Poison.
  1258 | D:3      | 1258 ||| INVOKING Spit Poison.
  1259 | D:3      | HP: 10/40 [sky beast (1)]
  1259 | D:3      | HP: 4/40 [sky beast (6)]
  1260 | D:3      | Slain by a sky beast

Levels and vault maps discovered:
D:1:      lightli_molten_gateway, layout_rooms
D:2:      layout_rooms, serial_shops, shop,
          hellmonk_ecumenical_altar_inner_sanctum, minmay_split_cup_small
D:3:      layout_basic, mainiacjoe_overflow_six_doors_small

Skill      XL: |  1  2  3 |
---------------+----------+-----
Ranged Weapons | 4 5 |  5.0
Fighting       | |  2.6
Dodging        | |  1.5
Stealth        | |  1.5

Action                     |  1- 3 |  4- 6 || total
---------------------------+-------+-------++-------
   Fire: Shortbow          |    57 |    34 ||    91
Ability: Spit Poison       |    19 |    14 ||    33
    Use: Scroll            |     2 |     2 ||     4
         Potion            |       |     2 ||     2
 Armour: Leather armour    |     4 |     1 ||     5
  Dodge: Dodged            |     9 |     1 ||    10

Table legend:
 A = Non-vault XP
 B = Vault XP
 C = Vault XP percentage of total XP
 D = Non-vault monster count
 E = Vault monster count
 F = Vault count percentage of total count
                 A         B        C        D         E       F
            +---------+---------+-------+---------+---------+-------
      Total |     107 |       8 |   7.0 |      55 |       3 |   5.2
            +---------+---------+-------+---------+---------+-------
        D:1 |      54 |       0 |   0.0 |      31 |       0 |   0.0
        D:2 |      35 |       8 |  18.6 |      15 |       3 |  16.7
        D:3 |      18 |       0 |   0.0 |       9 |       0 |   0.0
            +---------+---------+-------+---------+---------+-------
